 Dungeon Crawl Stone Soup version 0.27.0-1-g7a089689b8 (webtiles) character file.

Game seed: 13104427733981191862

30 kobby the Skirmisher (level 3, -1/34 HPs)
             Began as a Naga Fighter on Aug 13, 2021.
             Killed from afar by Natasha (5 damage)
             ... with a magic dart
             ... on level 2 of the Dungeon.
             The game lasted 00:01:45 (961 turns).

kobby the Skirmisher (Naga Fighter)                  Turns: 961, Time: 00:01:45

Health: -1/34      AC:  6    Str: 19    XL:     3   Next: 18%
Magic:  3/3        EV:  5    Int:  8    God:
Gold:   41         SH:  8    Dex: 10    Spells: 2/2 levels left

rFire    + + .     SeeInvis +   a - +0 war axe
rCold    x . .     Faith    .   c - +0 kite shield
rNeg     . . .     Spirit   .   i - +0 fire dragon scales
rPois    +         Reflect  .   (no helmet)
rElec    .         Harm     .   (no cloak)
rCorr    .         Rampage  .   (no gloves)
Will     .....                  (no barding)
Stlth    ..........             (no amulet)
HPRegen  0.11/turn              (no ring)
MPRegen  0.08/turn              (no ring)

@: mighty, slowed, very slow
A: AC +1, large, see invisible, deformed body, poison resistance, slowness 2,
spit poison 1, naga tail 1
a: Spit Poison


You were on level 2 of the Dungeon.
You visited 1 branch of the dungeon, and saw 2 of its levels.

You collected 41 gold pieces.

Inventory:

Hand Weapons
 a - a +0 war axe (weapon)
Armour
 b - a +0 scale mail
 c - a +0 kite shield (worn)
 i - +0 fire dragon scales (worn)
Jewellery
 f - a +6 ring of intelligence
Scrolls
 g - a scroll of teleportation {unknown}
 k - a scroll of identify {unknown}
Potions
 e - a potion of haste {unknown}
 h - a potion of curing {unknown}
 j - a potion of degeneration {unknown}


   Skills:
 + Level 3.2 Fighting
 + Level 2.3 Axes
 + Level 2.8 Armour
 + Level 0.1 Stealth
 + Level 2.7 Shields


You had 2 spell levels left.
You didn't know any spells.
Your spell library contained the following spells:

 Spells                   Type           Power      Damage    Failure   Level
 Slow                     Hex            0%         N/A       100%        2
 Confusing Touch          Hex            0%         N/A       100%        3
 Vampiric Draining        Necr           0%         2d6       100%        3


Dungeon Overview and Level Annotations

Branches:
Dungeon (2/15)

Altars:

Shops:
D:1 :

Annotations:
D:2 Natasha


Innate Abilities, Weirdness & Mutations

Your serpentine skin is tough. (AC +1)
You have supernaturally acute eyesight. (SInv)
Armour fits poorly on your strangely shaped body.
Your system is resistant to poisons. (rPois)
You cover ground very slowly.
You can spit poison.
You have a snake-like lower body.


Message History

Natasha, Servant of Life and Death comes into view.
Natasha hisses angrily.
Natasha moves out of view.
Natasha mumbles some strange words.
Natasha's front paws start to glow.
Natasha mumbles some strange words. x2
An iron imp comes into view.
There are monsters nearby!
Natasha casts a spell at you.
You feel yourself slow down.
The crimson imp shouts!
You block Natasha's attack.
The crimson imp blinks!
Natasha claws you.
You closely miss Natasha. You hit the iron imp but do no damage.
Natasha claws you.
The iron imp hits you but does no damage.
Natasha barely misses you. You block the iron imp's attack.
You block Natasha's attack.
You barely miss Natasha. You closely miss the iron imp.
You block the iron imp's attack. Natasha barely misses you.
The iron imp completely misses you. You block Natasha's attack.
The crimson imp blinks!
You hit Natasha.
Natasha is moderately wounded.
Your fire dragon scales prevents you from hitting the iron imp.
Natasha claws you but does no damage.
The iron imp hits you but does no damage.
Natasha claws you but does no damage. You block the iron imp's attack.
You closely miss Natasha.
Natasha is moderately wounded.
You hit the iron imp. Natasha casts a spell at you. The magic dart hits you.
The iron imp hits you! Natasha claws you. You block the iron imp's attack.
Natasha claws you.
The crimson imp sputters.
You feel very mighty all of a sudden. The iron imp hits you!
* * * LOW HITPOINT WARNING * * *
Natasha stares at you and mumbles some strange words.
The magic dart hits you.
You die...

#................###.#
###.#######.....## ##.
#.# ##...## ## #.#
##'## # #.# #######.#
##### #.# ......>.#
#.... #.# 5#####..##
##### #.##h#####.†.##
# #..@5..##.....### ##
####.#.###...##.###.
.#.###..###.##.#
.#..........#.#.
........###..#..
#######.# #.#... #.#
###### #.# #.#


You could see an iron imp (summoned), Natasha and a crimson imp (summoned).

Vanquished Creatures
  An adder (D:2)
  A dart slug (D:1)
  2 endoplasms (D:1)
  2 giant cockroaches (D:1)
  2 goblins (D:1)
  2 kobolds (D:1)
  A quokka (D:1)
  3 bats (D:1)
  2 frilled lizards (D:1)
  4 rats (D:1)
20 creatures vanquished.

Notes
Turn   | Place    | Note
-------+----------+-------------------------------------------
     0 | D:1      | kobby the Naga Fighter began the quest for the Orb.
     0 | D:1      | Reached XP level 1. HP: 21/21 MP: 1/1
   169 | D:1      | Found Wuceib's Book Shop.
   219 | D:1      | Reached XP level 2. HP: 28/28 MP: 2/2
   268 | D:1      | Found a faded altar of an unknown god.
   875 | D:2      | Reached XP level 3. HP: 34/34 MP: 3/3
   953 | D:2      | Noticed Natasha
   961 | D:2      | Killed from afar by Natasha

Illustrated notes

Levels and vault maps discovered:
D:1:      moated_graveyard_arrival, layout_rooms, serial_shops, shop,
          shapermc_ecumenical_altar_notcrosses, minmay_door_square
D:2:      wad_pebble_path, layout_loops_corners, serial_shops, shop,
          nicolae_shop_behind_doors, shop_statue, uniq_natasha

Action                   || total
-------------------------++-------
Melee: War axe           ||    59
  Use: Potion            ||     1
Armor: Scale mail        ||    26
       Fire dragon scale ||     9
Dodge: Dodged            ||    12
Block: Kite shield       ||    44
